 Dungeon Crawl Stone Soup version 0.27.1 (webtiles) character file.

Game seed: 7541315538623515622

23 MacCMillion the Caller (level 2, -3/19 HPs)
             Began as a Merfolk Summoner on Aug 21, 2021.
             Was an Initiate of Gozag.
             Slain by an adder (4 damage)
             ... on level 2 of the Dungeon.
             The game lasted 00:09:46 (2040 turns).

MacCMillion the Caller (Merfolk Summoner)           Turns: 2040, Time: 00:09:46

Health: -3/19      AC:  2    Str:  8    XL:     2   Next: 95%
Magic:  0/5        EV: 12    Int: 14    God:    Gozag
Gold:   141        SH:  0    Dex: 14    Spells: 2/5 levels left

rFire    . . .     SeeInvis .   i - +0 dagger
rCold    . . .     Faith    .   (no shield)
rNeg     . . .     Spirit   .   a - +0 robe
rPois    .         Reflect  .   (no helmet)
rElec    .         Harm     .   (no cloak)
rCorr    .         Rampage  .   (no gloves)
Will     .....                  (no boots)
Stlth    ++........             (no amulet)
HPRegen  0.06/turn              (no ring)
MPRegen  0.09/turn              (no ring)

@: lethally poisoned (-3 -> -6)
A: (nimble swimmer 2), mertail
a: Renounce Religion, Potion Petition, Call Merchant, Bribe Branch


You were on level 2 of the Dungeon.
You worshipped Gozag.
Gozag was aware of your devotion.
You visited 1 branch of the dungeon, and saw 2 of its levels.

You collected 141 gold pieces.

Inventory:

Hand Weapons
 i - a +0 dagger (weapon)
Armour
 a - a +0 robe (worn)
 f - a +0 leather armour
Scrolls
 d - a scroll of immolation {unknown}
 e - a scroll of amnesia {unknown}
Potions
 b - a potion of ambrosia {unknown}
 g - a potion of curing {unknown}
 h - a potion of berserk rage {unknown}


   Skills:
 - Level 2.6 Dodging
 - Level 2.1 Stealth
 - Level 2.0 Spellcasting
 + Level 4.8 Summonings


You had 2 spell levels left.
You knew the following spells:

 Your Spells              Type           Power      Damage    Failure   Level
a - Summon Small Mammal   Summ           60%        N/A       3%          1
b - Call Imp              Summ           15%        N/A       4%          2

Your spell library contained the following spells:

 Spells                   Type           Power      Damage    Failure   Level
 Call Canine Familiar     Summ           15%        N/A       10%         3
 Summon Guardian Golem    Hex/Summ       8%         N/A       26%         3
 Summon Lightning Spire   Summ/Air       8%         N/A       65%         4


Dungeon Overview and Level Annotations

Branches:
Dungeon (2/15)

Altars:
Gozag


Innate Abilities, Weirdness & Mutations

((You are quick and stealthy near water. (Stealth+, EV+, Speed+++)))
Your lower body shifts to a powerful aquatic tail in water.


Message History

The ball python hisses angrily.
The adder hisses angrily.
A kobold comes into view. It is wielding a +0 dagger.
You see here a +0 short sword.
Casting: Call Imp (safe; 4% risk of failure)
Confirm with . or Enter, or press ? or * to list all spells.
You miscast Call Imp.
You are very lightly contaminated with residual magic.
Nothing appears to happen.
Casting: Call Imp (safe; 4% risk of failure)
Confirm with . or Enter, or press ? or * to list all spells.
A beastly little devil appears in a puff of flame.
The adder closely misses you.
Your crimson imp closely misses the adder.
Your crimson imp blinks!
The adder misses you.
You hit the adder.
The adder is moderately wounded.
The adder bites you.
You are poisoned.
The adder poisons you!
Your magical contamination has completely faded away.
You feel sick.
You feel sick. The adder closely misses you.
You feel sick.
Casting: Call Imp (safe; 4% risk of failure)
Confirm with . or Enter, or press ? or * to list all spells.
A beastly little devil appears in a puff of flame.
You feel sick. The adder bites you.
You are more poisoned.
The adder poisons you!
You feel sick.
You feel sick. The adder barely misses you.
You feel sick.
You feel sick.
There is a stone staircase leading down here.
You feel sick. The adder bites you.
* * * LOW HITPOINT WARNING * * *
The adder bites you.
You die...
Your body crumbles into a pile of gold.

.........#...(......#####
..K.....# .##.......#
........# #.......#
####S### #.......#
.......###.####..####
...........# #..#
....S.)########..#
.......##...#.SS>#
.......##.#.#.##@#
#####........5...#
#.######.##..# #...#
#.##..# ###.# #.....#
#.########.# #..........#
############


You could see an adder (ally target), a ball python and a friendly crimson imp
(summoned).

Vanquished Creatures
  A dart slug (D:1)
  3 endoplasms (D:1)
  2 goblins
  A hobgoblin (D:1)
  A quokka (D:2)
  A ball python (D:2)
  3 bats
  2 frilled lizards
  2 rats (D:1)
16 creatures vanquished.

Vanquished Creatures (collateral kills)
  A dart slug (D:2)
  A bat (D:2)
  An endoplasm (D:1)
  2 hobgoblins
  A ball python (D:2)
  2 frilled lizards (D:1)
  2 kobolds (D:1)
10 creatures vanquished.

Grand Total: 26 creatures vanquished

Notes
Turn   | Place    | Note
-------+----------+-------------------------------------------
     0 | D:1      | MacCMillion the Merfolk Summoner began the quest for the
                  | Orb.
     0 | D:1      | Reached XP level 1. HP: 13/13 MP: 3/3
     2 | D:1      | You fall into a shaft and drop 1 floor!
   762 | D:1      | Reached XP level 2. HP: 19/19 MP: 1/5
  1243 | D:1      | Learned a level 2 spell: Call Imp
  1256 | D:1      | Found a faded altar of an unknown god.
  1362 | D:1      | Became a worshipper of Gozag Ym Sagoz the Greedy
  2040 | D:2      | Slain by an adder

Illustrated notes

Levels and vault maps discovered:
D:1:      scummos_arrival_hexagon, layout_rooms,
          hellmonk_ecumenical_altar_heavens_door
D:2:      layout_basic

Action                   || total
-------------------------++-------
Melee: Unarmed           ||    21
       Short sword       ||    27
       Dagger            ||    11
 Cast: Summon Small Mamm ||    28
       Call Imp          ||     5
 Stab: Distracted        ||     2
       Sleeping          ||     1
Armor: Robe              ||    19
Dodge: Dodged            ||    69
